 Dungeon Crawl Stone Soup version 0.15.2 (webtiles) character file.

67 magipi the Chopper (level 4, 0/37 HPs)
             Began as a Hill Orc Skald on Aug 28, 2015.
             Killed by nerve-wracking pain
             ... invoked by Menkaure
              (7 damage)
             ... on Level 4 of the Dungeon.
             The game lasted 00:09:20 (1133 turns).

magipi the Chopper (Hill Orc Skald)                 Turns: 1133, Time: 00:09:20

HP   0/37        AC  5     Str 14      XL: 4   Next: 18%
MP   3/6         EV  9     Int 12      God:
Gold 73          SH  0     Dex 11      Spells:  1 memorised,  5 levels left

rFire  . . .     SeeInvis .     a - +0 war axe
rCold  . . .     Clarity  .     u - +0 ring mail
rNeg   . . .     rCorr    .     (no shield)
rPois  +         rRot     .     (no helmet)
rElec  .         Spirit   .     (no cloak)
SustAb .         Warding  .     (no gloves)
rMut   .         Stasis   .     (no boots)
Gourm  .                        (no amulet)
MR     .....                    (no ring)
                                p - ring of poison resistance

@: infused, not resistant to hostile enchantments, very unstealthy
A: no striking features
a: no special abilities


You were on level 4 of the Dungeon.
You were not hungry.

You visited 1 branch of the dungeon, and saw 4 of its levels.

You collected 73 gold pieces.

Inventory:

Hand weapons
 a - a +0 war axe (weapon)
Missiles
 b - 27 poisoned needles
 m - a throwing net (quivered)
Armour
 u - a +0 ring mail (worn)
Comestibles
 d - 3 meat rations
 h - 3 bread rations
 q - a chunk of hound flesh
 r - 2 slices of pizza
 t - a chunk of giant gecko flesh
Scrolls
 e - a scroll of remove curse {unknown}
 f - 3 scrolls of magic mapping
 g - 3 scrolls of teleportation {unknown}
 i - a scroll of random uselessness {unknown}
 n - 4 scrolls of enchant armour {unknown}
Jewellery
 p - a ring of poison resistance (left hand)
Potions
 j - 2 potions of cancellation
 k - a potion of magic {unknown}
 l - 2 potions of curing
 o - a potion of confusion {unknown}
 s - 2 potions of cure mutation {unknown}
 v - a potion of agility {unknown}
Books
 c - a book of Battle

   Spells                             Type                      Level
   *Infusion                          Charms                       1
   Shroud of Golubria                 Charms/Translocation         2
   Song of Slaying                    Charms                       2
   Spectral Weapon                    Hexes/Charms                 3
   Regeneration                       Charms/Necromancy            3


   Skills:
 - Level 2.4 Fighting
 + Level 5.4 Axes
 - Level 1.1 Armour
 - Level 0.7 Dodging
 - Level 1.5 Spellcasting
 - Level 3.0 Charms


You had 5 spell levels left.
You knew the following spells:

 Your Spells              Type           Power        Failure   Level  Hunger
a - Infusion              Chrm           #.....       14%         1    ##.....


Dungeon Overview and Level Annotations

Branches:
Dungeon (4/15)
 Temple: D:4-7

Altars:

Portals:
Ossuary: D:4

Annotations:
D:4 Menkaure

Vault maps used:
D:1:      dpeg_arrival_round_c
D:2:      uniq_terence
D:3:      first_bread
D:4:      nicolae_ossuary_entry_ruins, uniq_sigmund, uniq_eustachio,
          uniq_menkaure, uniq_grinder


Message History

There is an entrance to an ossuary on this level.
Hurry and find it before the portal is buried!
There is a stone staircase leading up here.
Found a yellow potion.
v - a yellow potion
There is a stone staircase leading up here.
Read which item? (? for menu, Esc to quit)
Okay, then.
Put on which piece of jewellery? (? for menu, Esc to quit)
u - a ring of poison resistance (left hand) Adjust (i)tems, (s)pells, or (a)bilities?
Adjust which item? (? for menu, Esc to quit)
r - a slice of pizza Adjust to which letter? (? for menu, Esc to quit)
Okay, then.
Unknown command.
Adjust (i)tems, (s)pells, or (a)bilities?
Adjust which item? (? for menu, Esc to quit)
u - a ring of poison resistance (left hand) Adjust to which letter? (? for menu, Esc to quit)
p - a ring of poison resistance (left hand)
u - a +0 ring mail (worn)
Read which item? (? for menu, Esc to quit)
As you read the scroll labeled MIFUOPH UMPI, it crumbles to dust.
It is a scroll of identify.
Identify which item? (\ to view known items) (? for menu, Esc to quit)
j - 2 potions of cancellation Read which item? (? for menu, Esc to quit)
Identify which item? (\ to view known items) (? for menu, Esc to quit)
As you read the scroll of identify, it crumbles to dust.
l - 2 potions of curing Read which item? (? for menu, Esc to quit)
Identify which item? (\ to view known items) (? for menu, Esc to quit)
As you read the scroll of identify, it crumbles to dust.
q - 2 potions of poison Drop what? (_ for help) (? for menu, Esc to quit)
You drop 2 potions of poison.
Read which item? (? for menu, Esc to quit)
As you read the scroll labeled QEURRU WEUL, it crumbles to dust.
You feel aware of your surroundings.
You sensed 1 shop/portal.
It was a scroll of magic mapping.
A hound comes into view.
The hound barks!
A worker ant comes into view.
Found a slice of pizza.
Casting: Infusion
Confirm with . or Enter, or press ? or * to list all spells.
You begin infusing your attacks with magical energy.
You closely miss the hound. The hound closely misses you.
You hit the hound!
The hound is severely wounded.
The hound bites you. The hound barely misses you.
You slash the hound!
You kill the hound!
Your Axes skill increases to level 5!
You have reached level 4!
Your magical infusion is running out.
You see here a hound corpse.
You start butchering the hound corpse.
You continue butchering the corpse.
You continue butchering the corpse. x2
You finish butchering the hound corpse.
q - a chunk of hound flesh You are no longer magically infusing your attacks.
Found a scroll labeled XEEL FALEWYPERERPHE.
r - 2 slices of pizza (gained 1)
e - a scroll labeled XEEL FALEWYPERERPHE You hear the slow hiss of a distant avalanche of sand.
Found a plate armour and a glowing scimitar.
Found a chain mail.
Found a sand-covered staircase.
Unknown command.
Found 12 stones.
Found a stone staircase leading down.
Menkaure, Prince of Dust comes into view.
Menkaure shouts!
Menkaure hits you!
Drink which item? (? for menu, Esc to quit)
Okay, then.
Unknown command.
Casting: Infusion
Confirm with . or Enter, or press ? or * to list all spells.
You begin infusing your attacks with magical energy.
Menkaure barely misses you.
Unknown command.
You hit Menkaure.
Menkaure is lightly damaged.
Menkaure hits you!
* * * LOW HITPOINT WARNING * * *
You closely miss Menkaure.
Menkaure is lightly damaged.
Menkaure calls on the powers of darkness!
Your body is wracked with pain!
* * * LOW HITPOINT WARNING * * *
You slash Menkaure!
Menkaure is severely damaged.
Menkaure barely misses you.
Unknown command.
You barely miss Menkaure.
Menkaure is severely damaged.
Menkaure gestures at you while chanting.
Pain shoots through your body!
You die...

*##.###,*#.# *,*
#,....#,##[###********,*
#.#.#.#,.[...,,,,,,,,,,*
##.#.#.####.###########**
....................(>##
...#.#..####...........#
####.#..####...........#
...#.#..##.............#
...#.#..##.##.##@).....#
.###.#..##.#...M.......#
.....#..##...∩...###..##
######..#..#......,,,.#
*,,,,..........#.#**,,*
******* *,*******........#
*,,* *,,,,,*
*,,,,,,,,,....#### **,**
*,***,* *****,,,,,*,#.* *,,*
*,* *,*
*,,,,,,****,*,********,***,*
*,*


You could see Menkaure.

Table legend:
 A = Kills in this place as a percentage of kills in entire the game.
 B = Kills by you in this place as a percentage of kills by you in the entire game.
 C = Kills by friends in this place as a percentage of kills by friends in the entire game.
 D = Other kills in this place as a percentage of other kills in the entire game.
 E = Experience gained in this place as a percentage of experience gained in the entire game.
 F = Experience gained in this place divided by the number of levels of this place that you have seen.
                   A       B       C       D       E      F
               +-------+-------+-------+-------+-------+----------------------
         Total | 100.0 | 100.0 |  -nan |  -nan | 100.0 |  24.2
       Dungeon | 100.0 | 100.0 |  -nan |  -nan | 100.0 |  24.2
               +-------+-------+-------+-------+-------+----------------------

Vanquished Creatures
  A hound (D:4)
  A giant gecko (D:3)
  A ball python (D:1)
  3 goblins
  5 hobgoblins
  6 jackals
  4 bats
  2 giant cockroaches
  3 giant newts (D:1)
  6 kobolds
  5 rats
37 creatures vanquished.

Notes
Turn   | Place    | Note
--------------------------------------------------------------
     0 | D:1      | magipi, the Hill Orc Skald, began the quest for the Orb.
     0 | D:1      | Reached XP level 1. HP: 18/18 MP: 2/2
    80 | D:1      | Reached skill level 3 in Axes
   171 | D:1      | Reached XP level 2. HP: 8/25 MP: 0/3
   555 | D:2      | Reached skill level 4 in Axes
   561 | D:2      | Reached XP level 3. HP: 16/30 MP: 0/5
  1081 | D:4      | Reached skill level 5 in Axes
  1081 | D:4      | Reached XP level 4. HP: 25/37 MP: 3/6
  1123 | D:4      | Found a sand-covered staircase.
  1128 | D:4      | Noticed Menkaure
  1133 | D:4      | Killed from afar by Menkaure

Action                   |  1- 3 |  4- 6 || total
-------------------------+-------+-------++-------
Melee: Hand axe          |    97 |       ||    97
       War axe           |    26 |     4 ||    30
 Cast: Infusion          |     8 |     1 ||     9
  Use: Scroll            |     4 |       ||     4
  Eat: Chunk             |     1 |       ||     1

Action                   |  1- 3 |  4- 6 || total
-------------------------+-------+-------++-------
Melee: Hand axe          |    97 |       ||    97
       War axe           |    26 |     4 ||    30
 Cast: Infusion          |     8 |     1 ||     9
  Use: Scroll            |     4 |       ||     4
  Eat: Chunk             |     1 |       ||     1

Action                   |  1- 3 |  4- 6 || total
-------------------------+-------+-------++-------
Melee: Hand axe          |    97 |       ||    97
       War axe           |    26 |     4 ||    30
 Cast: Infusion          |     8 |     1 ||     9
  Use: Scroll            |     4 |       ||     4
  Eat: Chunk             |     1 |       ||     1
